Map: Eternal Empire LE

Players

poptodafresh

  • Race: Protoss Protoss
  • League: Diamond
  • Spawn Location: 7:00

A.I. 1 (Very Easy) - Winner!

  • Race: Terran Terran
  • Spawn Location: 1:00

VOD

Have the link to the VOD?

Description

Time

  • Played on: April 7, 2020, 11:54 p.m.
  • Length: 5:07
Show
View Real Time Build Order
Export as new Build Order

poptodafresh Protoss 

Build Orders:  

Get SALT Encoding   

  12  0:00  Probe  
  13  0:13  Probe  
  14  0:20  Pylon  
  14  0:25  Probe  
  15  0:38  Probe (Chrono Boost)  
  15  0:39  Gateway  
  16  0:49  Probe (Chrono Boost)  
  17  0:54  Probe (Chrono Boost)  
  18  0:58  Assimilator  
  18  1:02  Assimilator  
  18  1:04  Probe  
  19  1:16  Probe (Chrono Boost)  
  20  1:28  Probe (Chrono Boost)  
  20  1:30  Cybernetics Core  
  21  1:33  Pylon  
  21  1:35  Probe (Chrono Boost)  
  22  1:43  Probe  
  23  1:55  Probe  
  24  2:04  Stalker (Chrono Boost)  
  24  2:08  Warp Gate  
  26  2:11  Robotics Facility  
  26  2:21  Pylon  
  26  2:27  Stalker  
  28  2:57  Stalker  
  28  2:58  Immortal  
  34  3:16  Pylon  
  34  3:27  Sentry, Nexus  
  36  3:37  Observer  
  37  3:53  Stalker  
  39  3:56  Probe  
  39  3:58  Immortal  
  44  4:05  Pylon  
  44  4:09  Probe  
  45  4:21  Probe  
  46  4:32  Stargate  
  46  4:37  Stalker  
  48  4:43  Probe x2  
Show
View Real Time Build Order
Export as new Build Order

A.I. 1 (Very Easy) Terran - Winner!

Build Orders:  

Get SALT Encoding   

  12  0:00  SCV  
  13  0:13  SCV  
  14  0:19  Supply Depot  
  14  0:36  Refinery  
  14  0:42  Barracks  
  14  1:06  Supply Depot  
  14  1:13  Refinery  
  14  1:29  Marine  
  14  1:31  Orbital Command  
  15  1:56  SCV  
  16  2:08  SCV  
  16  2:14  Barracks Tech Lab  
  17  2:20  SCV  
  18  2:32  Marauder  
  18  2:33  SCV  
  21  2:45  SCV  
  22  2:57  SCV  
  23  3:16  Marine  
Tags
 
Add a new tag
Caveats
  • Supply blocks, unpowered buildings, or Contaminate may cause inaccurate times.
  • Supply counts are checked every 10 seconds.